 Dungeon Crawl Stone Soup version 0.18.1-48-g4cf74bf (webtiles) character file.

52 Heedrag the Magician (level 3, -3/19 HPs)
             Began as a Deep Elf Conjurer on July 24, 2016.
             Slain by a quokka (4 damage)
             ... on level 2 of the Dungeon.
             The game lasted 00:02:54 (1138 turns).

Heedrag the Magician (Deep Elf Conjurer)            Turns: 1138, Time: 00:02:54

Health: -3/19      AC:  3    Str:  6    XL:     3   Next: 60%
Magic:  3/12       EV: 13    Int: 19    God:
Gold:   74         SH:  0    Dex: 15    Spells: 2 memorised, 9 levels left

rFire  . . .     SeeInvis .     e - -2 dagger (curse)
rCold  . . .     Gourm    .     a - +0 robe
rNeg   . . .     Faith    .     (no shield)
rPois  .         Spirit   .     (no helmet)
rElec  .         Dismiss  .     (no cloak)
rCorr  .         Reflect  .     f - +0 pair of gloves
SustAt .         Harm     .     (no boots)
MR     .....                    (no amulet)
Stlth  ++........               (no ring)
                                i - ring of flight

@: lethally poisoned (-3 -> -9), not resistant to hostile enchantments,
unstealthy
A: no striking features
a: Evoke Flight


You were on level 2 of the Dungeon.
You were hungry.

You visited 1 branch of the dungeon, and saw 2 of its levels.

You collected 74 gold pieces.

Inventory:

Hand Weapons
 e - a cursed -2 dagger (weapon)
 o - a cursed -1 dagger
Armour
 a - a +0 robe (worn)
 f - a +0 pair of gloves (worn)
Jewellery
 i - a ring of flight (left hand)
Scrolls
 d - a scroll of enchant weapon {unknown}
 j - a scroll of random uselessness {unknown}
 m - a scroll of identify {unknown}
Potions
 g - 2 potions of haste {unknown}
 k - a potion of magic {unknown}
 l - a potion of invisibility {unknown}
Books
 b - a book of Conjurations

   Spells                             Type                      Level
   a - Magic Dart                     Conjuration                  1
   b - Searing Ray                    Conjuration                  2
   c - Dazzling Spray                 Conjuration/Hexes            3
   d - Fulminant Prism                Conjuration/Hexes            4
   e - Iskenderun's Mystic Blast      Conjuration                  4
   f - Iskenderun's Battlesphere      Conjuration/Charms           5
Comestibles
 c - 2 bread rations
 h - 2 meat rations
 n - 4 fruits


   Skills:
 - Level 2.4 Dodging
 - Level 2.4 Stealth
 * Level 5.5 Spellcasting
 - Level 4.3 Conjurations


You had 9 spell levels left.
You knew the following spells:

 Your Spells              Type           Power        Failure   Level  Hunger
a - Magic Dart            Conj           ###.         1%          1    None
b - Dazzling Spray        Conj/Hex       ##....       14%         3    ##.....


Dungeon Overview and Level Annotations

Branches:
Dungeon (2/15)

Altars:

Annotations:
D:2 1 exclusion


Message History

Aimin': Magic Dart
Press: ? - help, Shift-Dir - straight line, f - adder, p - quokka
Aim: an adder Tha magic dart hits tha adder.
Tha adder be heavily wounded.
Tha adder barely misses ye.
Tha quokka closely misses ye.
Tha adder bites ye.
* * * LOW HITPOINT WARNIN'
* * * Ye be leth'lly poison'd!
Tha adder poisons ye!
Tha quokka bites ye.
* * * LOW HITPOINT WARNIN'
* * * Castin': Magic Dart Confirm wit' . or Enter, or press ? or * ta list all spells.
Aimin': Magic Dart
Press: ? - help, Shift-Dir - straight line, f/p - adder
Aim: an adder (heavily wounded) Tha magic dart hits tha adder.
Tha adder be almost dead.
* * * LOW HITPOINT WARNIN'
* * * Ye feel sick.
Tha adder closely misses ye.
Tha quokka bites ye.
Ye die...

#.......# #......#
##....... #.......#
#......# #.......
####.####
#......#########..###+#
.#
###...#.......###.###.#
..
#...#...............#
.#
#####...............#
#...............#
##...............#
#@.......###.....#
.([...Sr########
#.....# ./$...'.#
#.....# ......###
#....># ...... #####.#
...... #.# ##### #..
#.. #..


You could see an adder and a quokka.

Vanquished Creatures
  An adder (D:2)
  2 dart slugs (D:1)
  6 bats
  4 giant cockroaches
  6 goblins (D:1)
  5 hobgoblins
  A quokka (D:2)
  2 kobolds
  9 rats
36 creatures vanquished.

Notes
Turn   | Place    | Note
--------------------------------------------------------------
     0 | D:1      | Heedrag the Deep Elf Conjurer began the quest for the Orb.
     0 | D:1      | Reached XP level 1. HP: 10/10 MP: 6/6
   128 | D:1      | Reached skill level 4 in Spellcasting
   128 | D:1      | Reached XP level 2. HP: 15/15 MP: 0/9
   616 | D:1      | Reached XP level 3. HP: 15/19 MP: 7/11
   655 | D:1      | Reached skill level 5 in Spellcasting
  1035 | D:2      | Learned a level 3 spell: Dazzling Spray
  1138 | D:2      | Slain by a quokka

Skill      XL: |  1  2  3 |
---------------+----------+-----
Spellcasting   | 4 5 |  5.5
Dodging        | |  2.4
Stealth        | |  2.4
Conjurations   | |  4.3

Action                   || total
-------------------------++-------
 Cast: Magic Dart        ||    76
Armor: Robe              ||     2
Dodge: Dodged            ||    11
